 Dungeon Crawl Stone Soup version 0.29.1-12-g30fa7ad0bf (webtiles) character file.

Game seed: 8971516154644372644

228 soggyman666 the Shield-Bearer (level 5, -4/47 HPs)
             Began as a Minotaur Fighter on Dec 29, 2022.
             Succumbed to Blork the orc's poison
             ... on level 4 of the Dungeon.
             The game lasted 00:03:24 (3319 turns).

soggyman666 the Shield-Bearer (Minotaur Fighter)    Turns: 3319, Time: 00:03:25

Health: -4/47      AC:  8    Str: 23    XL:     5   Next: 71%
Magic:  4/4        EV: 10    Int:  5    God:
Gold:   200        SH:  4    Dex:  9    Spells: 4/4 levels left

rFire   . . .      SeeInvis .   a - +0 war axe
rCold   . . .      Faith    .   c - +0 buckler
rNeg    . . .      Spirit   .   b - +1 scale mail
rPois   .          Reflect  .   (helmet restricted)
rElec   .          Harm     .   (no cloak)
rCorr   .          Rampage  .   (no gloves)
Will    .....                   (no boots)
Stlth   ..........              (no amulet)
HPRegen 0.15/turn               (no ring)
MPRegen 0.09/turn               (no ring)

@: lethally poisoned (-4 -> -27), very slow
A: horns 2, retaliatory headbutt
a: no special abilities


You were on level 4 of the Dungeon.
You visited 1 branch of the dungeon, and saw 4 of its levels.

You collected 200 gold pieces.

Inventory:

Hand Weapons
 a - a +0 war axe (weapon)
 j - a +3 club
Missiles
 q - 6 curare-tipped darts (quivered)
Armour
 b - a +1 scale mail (worn)
 c - a +0 buckler (worn)
Wands
 e - a wand of acid (9)
 m - a wand of digging (5)
 o - a wand of roots (7)
Scrolls
 i - 3 scrolls of teleportation
 l - a scroll of identify {unknown}
 r - a scroll of brand weapon {unknown}
Potions
 d - 2 potions of might
 f - a potion of resistance {unknown}
 g - 3 potions of brilliance {unknown}
 h - 3 potions of heal wounds {unknown}
 k - a potion of haste {unknown}
 n - 3 potions of curing {unknown}
 p - 2 potions of degeneration {unknown}


   Skills:
 + Level 4.6 Fighting
 * Level 4.6 Axes
 + Level 4.6 Armour
 + Level 2.1 Dodging
 + Level 4.6 Shields


You had 4 spell levels left.
You didn't know any spells.
Your spell library contained the following spells:

 Spells                   Type           Power      Damage    Failure   Level
 Slow                     Hex            0%         N/A       86%         1
 Confusing Touch          Hex            0%         N/A       99%         3
 Vampiric Draining        Necr           0%         2d6       99%         3


Dungeon Overview and Level Annotations

Branches:
Dungeon (4/15)
 Temple: D:4-7

Altars:

Annotations:
D:4 Blork the orc


Innate Abilities, Weirdness & Mutations

You have a pair of horns on your head.
You reflexively headbutt those who attack you in melee.


Message History

You barely miss the phantom.
The phantom is almost destroyed.
The phantom hits you.
You hit the phantom.
You destroy the phantom!
Your Dodging skill increases to level 2!
Found a stone staircase leading up.
You see here a +0 long sword.
Really walk into that teleport trap?
You enter a teleport trap!
The teleport trap disappears.
Your surroundings seem slightly different.
You hear the slow rusting of a very distant drain.
There is a stone staircase leading down here.
Blork the orc comes into view.
He is wielding a +3 glaive of venom.
You see here a cyan potion.
A rat comes into view.
Found an escape hatch in the floor.
Blork the orc gestures at you while chanting.
The magic dart hits you.
You see here a cyan potion.
p - 2 cyan potions (gained 1) Blork the orc closely misses you.
You block Blork the orc's attack.
You closely miss the rat.
Blork the orc hits you from afar with a +3 glaive of venom.
You are poisoned.
You barely miss the rat. You headbutt the rat.
You kill the rat!
You feel very sick.
Blork the orc hits you from afar with a +3 glaive of venom!
* * * LOW HITPOINT WARNING * * *
You are lethally poisoned!
You enter the shallow water.
Moving in this stuff is going to be slow.
* * * LOW HITPOINT WARNING * * *
You feel extremely sick. Blork the orc casts a spell at you.
The puff of frost misses you.
A river rat comes into view.
You die...

###### #.... ####...
#### #.>...
~~####~~###.##.#
~~~~~~~@~...##.#########
r~####~~##..............
######o##.#########
#.##.# #† #.##.# #####'
#.##.# #..... #.##.#
#..... #.##.# #.....
#.##.######.##


You could see a river rat (asleep).

Vanquished Creatures
  A phantom (D:4)
  An iguana (D:4)
  Ijyb (D:3)
  5 adders
  A worm (D:3)
  A dart slug (D:2)
  10 ball pythons
  An endoplasm (D:3)
  2 giant cockroaches
  2 hobgoblins
  3 jackals (D:1)
  2 quokkas
  8 bats
  3 frilled lizards
  8 goblins
  7 kobolds
  5 rats
61 creatures vanquished.

Vanquished Creatures (others)
  A frilled lizard (D:3)
1 creature vanquished.

Grand Total: 62 creatures vanquished

Notes
Turn   | Place    | Note
-------+----------+-------------------------------------------
     0 | D:1      | soggyman666 the Minotaur Fighter began the quest for the
                  | Orb.
     0 | D:1      | Reached XP level 1. HP: 19/19 MP: 0/0
    70 | D:1      | Found a faded altar of an unknown god.
   235 | D:1      | Reached XP level 2. HP: 19/27 MP: 1/1
   521 | D:1      | Reached skill level 1 in Dodging
  1018 | D:2      | Reached XP level 3. HP: 33/33 MP: 2/2
  1535 | D:3      | Reached XP level 4. HP: 26/40 MP: 3/3
  2580 | D:3      | Noticed Ijyb
  2592 | D:3      | Killed Ijyb
  3180 | D:4      | Reached XP level 5. HP: 21/47 MP: 4/4
  3225 | D:4      | Noticed a phantom
  3235 | D:4      | Killed a phantom
  3309 | D:4      | Noticed Blork the orc
  3319 | D:4      | Succumbed to Blork the orc's poison

Illustrated notes

Levels and vault maps discovered:
D:1:      dpeg_arrival_connections, layout_basic,
          hellmonk_ecumenical_altar_pennies_from_heaven,
          amcnicky_mini_corridor_feature, chequers_serial_rivers_small_b
D:2:      layout_basic, kennysheep_generic_room_14
D:3:      layout_basic, serial_forest, infiniplex_forest_corner_2,
          infiniplex_forest_straight_2, infiniplex_forest_clump_tiny,
          infiniplex_forest_pool, infiniplex_forest_straight_5,
          infiniplex_forest_lined_2, infiniplex_forest_clump_tiny,
          infiniplex_forest_pool, uniq_ijyb
D:4:      layout_basic, minmay_temple_entry_drinking_statues,
          gup_sewer_entry_bubbles, serial_curves, eino_curves_03,
          eino_curves_01, uniq_sigmund, uniq_robin, uniq_blork_the_orc

Skill      XL: |  1  2  3  4  5 |
---------------+----------------+-----
Axes           | 3 4 |  4.6
Armour         | 4 |  4.6
Dodging        | 1 2 |  2.1
Shields        | 4 |  4.6
Fighting       | 4 |  4.6

Action                   |  1- 3 |  4- 6 || total
-------------------------+-------+-------++-------
Melee: War axe           |    98 |    46 ||   144
       Headbutt          |    11 |    10 ||    21
  Use: Scroll            |     3 |     3 ||     6
Armor: Scale mail        |    59 |    18 ||    77
Dodge: Dodged            |    59 |    19 ||    78
Block: Buckler           |    26 |     7 ||    33
